Map: Cerulean Fall LE

Players

Viciuos

  • Race: Terran Terran
  • Spawn Location: 7:00

Nordy - Winner!

  • Race: Protoss Protoss
  • League: Diamond
  • Spawn Location: 1:00

VOD

Have the link to the VOD?

Description

Time

  • Played on: Dec. 8, 2018, 8:59 a.m.
  • Length: 12:52
Show
View Real Time Build Order
Export as new Build Order

Viciuos Terran 

Build Orders:  

Get SALT Encoding   

  12  0:00  SCV  
  13  0:13  SCV  
  14  0:18  Supply Depot  
  14  0:27  SCV  
  15  0:39  SCV  
  16  0:43  Barracks  
  16  0:51  Refinery, SCV  
  17  1:04  SCV  
  18  1:24  SCV  
  19  1:33  Marine  
  19  1:39  Orbital Command  
  20  1:49  Command Center  
  20  1:58  Barracks Tech Lab  
  20  2:02  Supply Depot  
  20  2:08  SCV  
  21  2:22  Concussive Shells, Marauder  
  23  2:24  SCV  
  24  2:33  Barracks  
  24  2:39  Barracks  
  24  2:48  SCV  
  25  2:54  Marauder  
  25  2:56  Refinery  
  27  3:01  SCV  
  27  3:04  Orbital Command  
  28  3:15  Stimpack  
  28  3:16  Marauder  
  28  3:19  SCV  
  31  3:22  Barracks Reactor  
  31  3:30  Barracks Tech Lab  
  31  3:32  SCV  
  32  3:36  SCV  
  32  3:41  Marine  
  34  3:48  SCV x2  
  36  4:00  SCV x2  
  38  4:03  Marine, Engineering Bay  
  38  4:04  Supply Depot x2, Marine  
  38  4:05  Marine x2  
  42  4:14  SCV  
  42  4:16  Factory  
  43  4:21  Refinery  
  43  4:22  Marauder  
  45  4:24  Marine  
  45  4:25  Marine x2  
  48  4:36  Missile Turret  
  48  4:41  Missile Turret, SCV x2  
  48  4:42  Marine  
  48  4:43  Marauder  
  53  4:47  Marine, Marauder  
  56  4:59  Terran Infantry Weapons Level 1  
  56  5:00  Factory Reactor  
  56  5:01  Starport  
  56  5:07  Supply Depot  
  56  5:11  Marine, Marauder  
  56  5:12  Marauder  
  61  5:15  SCV  
  62  5:28  SCV  
  62  5:29  Supply Depot  
  63  5:35  Supply Depot  
  63  5:41  Marine x2, Marauder  
  67  5:46  SCV  
  67  5:47  SCV  
  69  5:50  Marine  
  69  5:51  Medivac  
  69  5:52  Supply Depot  
  69  5:53  Widow Mine  
  74  5:58  Supply Depot, Marine  
  74  6:00  Medivac  
  74  6:03  Marauder  
  79  6:07  Marine  
  79  6:08  Marauder  
  82  6:16  Marine  
  83  6:23  Supply Depot  
  83  6:24  Supply Depot, Widow Mine, Marauder  
  83  6:25  Marine  
  88  6:29  Marauder  
  88  6:30  SCV x2  
  92  6:32  Refinery  
  92  6:38  Marine  
  93  6:42  Marine  
  93  6:46  Marauder  
  92  6:50  Marine  
  92  6:51  Widow Mine  
  92  6:53  Terran Infantry Armor Level 1  
  89  6:56  Marine  
  89  7:00  Marine  
  91  7:01  Medivac  
  91  7:07  Marauder  
  95  7:09  Marauder  
  95  7:14  Marine  
  95  7:15  Widow Mine  
  100  7:18  Barracks, Marine  
  101  7:22  Medivac  
  101  7:28  Marauder  
  101  7:29  Marine  
  105  7:31  Medivac  
  105  7:36  Widow Mine  
  110  7:37  Ghost Academy  
  110  7:42  Marine  
  110  7:47  Marine  
  110  7:50  Marine x2  
  113  7:52  Medivac  
  115  7:59  Command Center  
  115  8:00  Marine  
  115  8:01  Medivac  
  114  8:06  Barracks Tech Lab  
  114  8:10  Barracks  
  114  8:11  SCV  
  114  8:12  Barracks  
  115  8:21  Personal Cloaking  
  115  8:22  Supply Depot  
  115  8:26  Marine x2  
  117  8:31  Missile Turret, Combat Shield  
  117  8:40  Armory  
  117  8:47  Supply Depot  
  117  8:51  SCV  
  117  8:52  Supply Depot  
  118  8:59  Marine x3  
  119  9:15  Marine x2, Marauder  
  119  9:16  Marauder  
  119  9:17  Marine x2  
  115  9:30  Marine  
  112  9:31  Terran Infantry Weapons Level 2  
  112  9:32  Marine  
  112  9:37  Supply Depot  
  112  9:44  Orbital Command  
  112  9:48  Missile Turret  
  112  9:55  Barracks Reactor x2  
  112  10:07  Missile Turret, Supply Depot  
  112  10:11  Marine, Marauder  
  96  10:16  Marine x2  
  96  10:17  Marauder  
  99  10:26  Liberator x2  
  98  10:28  Marine  
  98  10:31  Marine  
  98  10:32  Marine  
  98  10:34  Marauder  
  103  10:38  Marauder  
  100  10:48  Widow Mine  
  106  10:55  Marine  
  106  10:56  Marine, Marauder  
  101  11:00  Marine x2  
  101  11:04  Marine x2  
  71  11:09  Liberator  
  66  11:14  Orbital Command  
  65  11:20  Marine  
  65  11:24  Marine  
  52  11:58  Marine x2  
Show
View Real Time Build Order
Export as new Build Order

Nordy Protoss - Winner!

Build Orders: 1 Gate Expand, Zealot Archon 

Get SALT Encoding   

  12  0:01  Probe  
  13  0:13  Probe  
  14  0:17  Pylon  
  14  0:25  Probe  
  15  0:34  Probe  
  15  0:38  Gateway  
  15  0:42  Probe  
  16  0:48  Assimilator  
  17  0:51  Probe  
  18  1:03  Probe  
  19  1:16  Probe  
  20  1:28  Probe  
  21  1:40  Nexus  
  21  1:41  Probe  
  22  1:48  Cybernetics Core  
  22  1:53  Assimilator  
  22  1:57  Probe  
  23  2:03  Pylon  
  23  2:17  Adept  
  23  2:28  Warp Gate  
  24  2:31  Twilight Council  
  24  2:34  Gateway  
  24  2:43  Stalker  
  24  2:45  Probe  
  24  2:48  Probe  
  27  2:53  Probe  
  27  2:56  Probe  
  29  3:02  Probe  
  31  3:06  Probe  
  32  3:15  Robotics Facility  
  32  3:18  Probe  
  33  3:20  Probe  
  33  3:22  Charge  
  34  3:30  Probe  
  34  3:32  Probe  
  36  3:36  Pylon  
  36  3:42  Probe  
  36  3:44  Probe  
  36  3:46  Stalker  
  36  3:47  Gateway  
  38  3:54  Probe  
  39  4:01  Shield Battery  
  39  4:04  Shield Battery  
  39  4:13  Immortal  
  43  4:25  Gateway  
  43  4:30  Zealot x2  
  47  4:33  Probe x2  
  47  4:37  Pylon  
  49  4:42  Zealot  
  49  4:45  Probe x2  
  53  4:52  Observer  
  54  4:53  Gateway  
  54  4:57  Probe x2  
  56  5:03  Assimilator  
  56  5:05  Assimilator  
  56  5:09  Probe x2  
  56  5:13  Gateway x2  
  58  5:26  Nexus  
  58  5:28  Pylon  
  58  5:31  Pylon  
  58  5:41  Templar Archives  
  58  5:45  Pylon  
  58  5:47  Stalker  
  58  5:49  Pylon  
  60  5:50  Immortal  
  60  5:53  Stalker  
  66  6:09  Zealot x2  
  70  6:21  High Templar x2  
  70  6:22  High Templar x2  
  78  6:25  Archon  
  78  6:26  Archon  
  78  6:27  Zealot  
  80  6:33  Zealot x2  
  84  6:47  Pylon  
  84  6:49  Pylon  
  84  6:50  Pylon  
  84  7:04  High Templar  
  84  7:05  Nexus  
  84  7:06  High Templar, Pylon  
  88  7:20  High Templar  
  88  7:22  Pylon  
  90  7:27  Gateway  
  90  7:28  Forge  
  90  7:34  High Templar  
  90  7:35  Pylon  
  92  7:38  Pylon  
  92  7:40  Observer  
  89  7:44  Zealot  
  89  7:45  Zealot x2  
  92  7:53  Warp Prism  
  92  7:57  Templar Archives  
  86  8:10  Stalker  
  88  8:19  Zealot x2  
  92  8:25  Probe x2  
  92  8:26  Probe  
  95  8:37  Probe  
  95  8:38  Probe x2  
  95  8:41  Zealot x3, Psionic Storm  
  104  8:49  Probe  
  104  8:50  Probe  
  106  9:03  Probe x3  
  106  9:06  Zealot  
  106  9:07  Zealot  
  109  9:15  Probe  
  109  9:16  Zealot  
  109  9:17  Zealot  
  96  9:27  Zealot x2  
  96  9:28  Zealot  
  98  9:41  Zealot x3  
  98  9:42  Zealot  
  106  9:56  High Templar x4  
  114  10:00  Archon x2  
  102  10:27  High Templar  
  102  10:28  High Templar x3  
  110  10:31  Archon  
  110  10:32  Archon  
  93  10:47  Zealot  
  93  10:48  Zealot x3  
  81  11:04  Zealot  
  81  11:05  Zealot x3  
  81  11:39  Stalker x2  
  81  11:40  Stalker x5  
  81  11:41  Zealot  
  93  11:50  Probe x2  
  95  12:02  Stalker x2, Probe  
  95  12:03  Stalker x4  
  95  12:04  Stalker, Nexus  
  110  12:08  Pylon  
  102  12:21  Stalker  
Tags
 
Add a new tag
Caveats
  • Supply blocks, unpowered buildings, or Contaminate may cause inaccurate times.
  • Supply counts are checked every 10 seconds.